 Dungeon Crawl Stone Soup version 0.26-a0-663-g36e8fdb655 (webtiles) character file.

Game seed: 15553819613934743433

42200 Froggeryz the Bludgeoner (level 14, -2/95 HPs)
             Began as a Gargoyle Gladiator on Oct 9, 2020.
             Was the Champion of Okawaru.
             Slain by an eight-headed hydra (3 damage)
             ... on level 5 of the Lair of Beasts on Oct 10, 2020.
             The game lasted 00:36:57 (25305 turns).

Froggeryz the Bludgeoner (Gargoyle Gladiator)      Turns: 25305, Time: 00:36:58

Health: -2/95      AC: 33    Str: 23    XL:     14   Next: 18%
Magic:  18/18      EV: 12    Int: 15    God:    Okawaru [******]
Gold:   1116       SH:  6    Dex: 24    Spells: 13/13 levels left

rFire    . . .     SeeInvis .   q - +2 flail (protect)
rCold    . . .     Faith    .   X - +0 buckler
rNeg     + . .     Spirit   .   v - +0 scale mail
rPois    ∞         Reflect  .   R - +1 hat {MR+}
rElec    +         Harm     .   y - +0 cloak
rCorr    .         Rampage  .   J - +2 pair of gloves {Dex+3}
MR       +++..                  B - +0 pair of boots {Fly}
Stlth    +.........             (no amulet)
HPRegen  0.25/turn              E - ring of Doubts {MR+ Int+6 Dex+4}
MPRegen  0.16/turn              o - +6 ring of dexterity

@: protection aura, flying
A: big wings, negative energy resistance 1, electricity resistance, unbreathing,
petrification resistance, rot immunity, AC +10
a: Stop Flying, Heroism, Finesse, Renounce Religion


You were on level 5 of the Lair of Beasts.
You worshipped Okawaru.
Okawaru was exalted by your worship.
You visited 2 branches of the dungeon, and saw 16 of its levels.
You also visited: Ossuary and Gauntlet.

You collected 1116 gold pieces.

Inventory:

Hand Weapons
 q - a +2 flail of protection (weapon)
 z - a +0 morningstar
Missiles
 d - 3 throwing nets
 A - 36 silver javelins
 I - 8 javelins (quivered)
 S - 4 curare-tipped darts
Armour
 v - a +0 scale mail (worn)
 y - a +0 cloak (worn)
 B - a +0 pair of boots of flying (worn)
 J - a +2 pair of gloves of dexterity (worn)
 R - a +1 hat of magic resistance (worn)
 X - a +0 buckler (worn)
Jewellery
 c - an uncursed ring of protection from fire
 o - a +6 ring of dexterity (right hand)
 E - the ring of Doubts (left hand) {MR+ Int+6 Dex+4}
   (You found it in a Gauntlet)

   [ring of intelligence]

   It affects your intelligence (+6).
   It affects your dexterity (+4).
   It affects your resistance to hostile enchantments.
 M - an uncursed ring of protection from magic
 Q - an uncursed ring of ice {unknown}
 V - an uncursed ring of stealth {unknown}
 Z - an uncursed ring of fire {unknown}
Wands
 b - a wand of paralysis (7)
 u - a wand of flame (33)
 F - a wand of random effects (59)
 H - a wand of disintegration (1)
 T - a wand of digging (5)
 Y - a wand of polymorph (11)
Scrolls
 e - 14 scrolls of identify
 h - 6 scrolls of remove curse
 i - 9 scrolls of teleportation
 j - 4 scrolls of blinking
 k - a scroll of holy word {unknown}
 n - 8 scrolls of amnesia
 w - 2 scrolls of magic mapping
 C - 2 scrolls of enchant weapon
 G - a scroll of vulnerability {unknown}
 N - 2 scrolls of enchant armour {unknown}
 O - a scroll of silence {unknown}
 U - 2 scrolls of random uselessness {unknown}
Potions
 a - 6 potions of stabbing
 f - a potion of lignification {unknown}
 g - 2 potions of resistance
 l - 3 potions of might
 m - 2 potions of haste {unknown}
 p - 4 potions of brilliance {unknown}
 r - 5 potions of berserk rage {unknown}
 s - 2 potions of heal wounds
 t - 3 potions of flight
 x - 6 potions of curing
 K - 2 potions of mutation
 L - a potion of ambrosia {unknown}
 P - a potion of invisibility {unknown}


   Skills:
 - Level 13.7 Fighting
 - Level 16.0 Maces & Flails
 - Level 6.3 Throwing
 - Level 9.0 Armour
 - Level 2.4 Dodging
 * Level 4.7 Shields
 - Level 5.4 Invocations


You had 13 spell levels left.
You didn't know any spells.
Your spell library contained the following spells:

 Spells                   Type           Power        Failure   Level
 Animate Skeleton         Necr           #.....       52%         1
 Apportation              Tloc           #.....       52%         1
 Corona                   Hex            #......      52%         1
 Freeze                   Ice            #...         52%         1
 Magic Dart               Conj           #...         52%         1
 Pain                     Necr           #...         52%         1
 Sandblast                Erth           #.....       52%         1
 Summon Small Mammal      Summ           #...         52%         1
 Ensorcelled Hibernation  Hex/Ice        #.....       65%         2
 Passwall                 Tmut/Erth      #.......     65%         2
 Poisonous Vapours        Pois/Air       #.....       65%         2
 Searing Ray              Conj           #.....       65%         2
 Confusing Touch          Hex            #.......     87%         3
 Conjure Flame            Conj/Fire      #.......     87%         3
 Dazzling Flash           Conj/Hex       #.....       87%         3
 Ignite Poison            Fire/Tmut/Pois #.......     87%         3
 Mephitic Cloud           Conj/Pois/Air  #.......     87%         3
 Stone Arrow              Conj/Erth      #.....       87%         3
 Tukima's Dance           Hex            #.......     87%         3
 Vampiric Draining        Necr           #.........   87%         3
 Animate Dead             Necr           #.........   99%         4
 Fulminant Prism          Conj/Hex       #.........   99%         4
 Iskenderun's Mystic Bla  Conj/Tloc      #.......     99%         4
 Petrify                  Tmut/Erth      #.......     99%         4
 Agony                    Necr           #.......     100%        5
 Alistair's Intoxication  Tmut/Pois      #........    100%        5
 Bolt of Magma            Conj/Fire/Erth #.........   100%        5
 Irradiate                Conj/Tmut      #.........   100%        5
 Iskenderun's Battlesphe  Conj           #.......     100%        5
 Lee's Rapid Deconstruct  Erth           #.........   100%        5
 Metabolic Englaciation   Hex/Ice        #.........   100%        5
 Eringya's Noxious Bog    Tmut/Pois      #.........   100%        6
 Freezing Cloud           Conj/Ice/Air   #.........   100%        6
 Iron Shot                Conj/Erth      #.........   100%        6
 Orb of Destruction       Conj           #.........   100%        7
 Spellforged Servitor     Conj/Summ      #.........   100%        7
 Sublimation of Blood     Necr           Unusable     N/A         2
 Statue Form              Tmut/Erth      Unusable     N/A         6

Dungeon Overview and Level Annotations

Branches:
Dungeon (10/15)            Temple (0/1) D:5            Lair (6/6) D:10
  Swamp (0/4) Lair:4       Spider (0/4) Lair:3        Slime (0/5) Lair:5
    Orc (0/2) D:9         Ossuary (visited)         Gauntlet (visited)

Altars:
Cheibriados
Elyvilon
Fedhas
Gozag
Kikubaaqudgha
Okawaru
Qazlal
Sif Muna
Trog
Uskayaw
Vehumet
Xom
Yredelemnul
Zin
The Shining One

Shops:
D:9 }

Annotations:
D:5 exclusion: oklob plant
Lair:3 exclusion: 2 oklob plants


Innate Abilities, Weirdness & Mutations

You are resistant to torment.
Your stone body is resilient. (AC +10)
You are immune to poison.
Your large and strong wings let you fly indefinitely.
You resist negative energy. (rN+)
You are resistant to electric shocks. (rElec)
You can survive without breathing.
You are immune to petrification.
You are immune to rotting.


Message History

The eight-headed hydra barely misses you. x3
You block the eight-headed hydra's attack.
The eight-headed hydra bites you.
* * * LOW HITPOINT WARNING * * *
Unknown command.
Unknown command.
Unknown command.
You sock the eight-headed hydra!
The eight-headed hydra is almost dead.
Unknown command.
Unknown command.
You thump the eight-headed hydra!
The eight-headed hydra is almost dead.
The eight-headed hydra bites you!
* * * LOW HITPOINT WARNING * * *
The eight-headed hydra bites you but does no damage.
The eight-headed hydra bites you!
* * * LOW HITPOINT WARNING * * *
The eight-headed hydra bites you.
You die...

....## ##.......##
....####......#..#
.......#......####
....##......#..## ### ####
#..........P.##.# #.######..####
............P...####..#.##....#(#
.................................
.................................
................@................
.................D...............
.................................
...##.....P....###.#P..#.#..#...#
#####..........# #######.######.#
#P.......#.## ### ###
###........#### #........#..#
##........###


You could see an eight-headed hydra (corroded).

Vanquished Creatures
  A minotaur (Gauntlet)
  Josephine (Lair:5)
  3 hydras
  A boulder beetle (D:10)
  The ghost of Jocoan the Grappler, a journeyman VSTm of Kikubaaqudgha (Lair:4)
  3 two-headed ogres
  Urug (D:10)
  Sonja (Lair:3)
  An unseen horror (D:10)
  A glowing orange brain (Gauntlet)
  Pikel (D:8)
  A manticore (D:8)
  An orb spider (Lair:3)
  2 ugly things (Gauntlet)
  5 black mambas
  An eye of devastation (Gauntlet)
  2 torpor snails
  A gargoyle (D:10)
  10 cane toads
  A rime drake (Lair:4)
  9 komodo dragons
  2 trolls (D:10)
  3 polar bears
  11 blink frogs
  2 hornets
  2 bog bodies (Lair:4)
  4 dream sheep
  6 wyverns
  4 wraiths
  50 yaks
  4 basilisks
  Edmund (D:4)
  A floating eye (Gauntlet)
  11 water moccasins
  9 ice beasts
  4 orc warriors
  4 black bears
  An eye of draining (D:9)
  A necrophage (D:10)
  4 ogres
  5 sky beasts
  7 wolves (Lair:1)
  3 phantoms
  4 centaurs
  A lemure (D:8)
  7 bullfrogs
  A cane toad simulacrum (Gauntlet)
  A water moccasin zombie (D:8)
  7 scorpions
  A water moccasin skeleton (D:6)
  12 killer bees
  13 wights
  A howler monkey (D:6)
  3 electric eels
  2 bullfrog zombies
  A quasit (D:9)
  2 bullfrog skeletons
  7 jellies
  7 hounds
  4 orc priests
  2 centaur skeletons
  5 iguanas
  3 orc wizards
  Jessica (D:3)
  Natasha (thrice) (D:4)
  9 worker ants
  6 hell rats (Lair:3)
  A killer bee zombie (D:9)
  A centaur simulacrum (Gauntlet)
  2 bullfrog simulacra (Gauntlet)
  2 hound skeletons
  14 mummies (Ossuary)
  A worker ant zombie (D:8)
  15 adders
  4 gnolls
  2 howler monkey skeletons
  4 white imps
  4 ufetubi
  6 oozes
  3 adder skeletons
  2 worms
  9 dart slugs
  6 leopard geckos
  37 orcs
  5 giant cockroaches
  11 goblins
  10 hobgoblins
  9 jackals
  8 quokkas
  A ball python (D:2)
  9 bats
  9 frilled lizards
  A gnoll skeleton (Ossuary)
  5 goblin skeletons (Ossuary)
  A goblin zombie (D:9)
  A hobgoblin zombie (D:9)
  6 kobolds
  4 kobold skeletons
  A leopard gecko skeleton (D:5)
  An orc skeleton (D:9)
  2 orc zombies (D:9)
  A quokka skeleton (D:4)
  8 rats
  11 rat skeletons (Ossuary)
507 creatures vanquished.

Vanquished Creatures (others)
  13 fungi
  25 plants
  22 withered plants (Gauntlet)
60 creatures vanquished.

Grand Total: 567 creatures vanquished

Notes
Turn   | Place    | Note
-------+----------+-------------------------------------------
     0 | D:1      | Froggeryz the Gargoyle Gladiator began the quest for the
                  | Orb.
     0 | D:1      | Reached XP level 1. HP: 12/12 MP: 1/1
   347 | D:1      | Reached XP level 2. HP: 10/17 MP: 2/2
   695 | D:1      | Reached skill level 4 in Maces & Flails
   755 | D:1      | Reached XP level 3. HP: 20/21 MP: 3/3
  1473 | D:2      | Found an opulent altar of Gozag.
  1474 | D:2      | Found a glowing silver altar of Zin.
  1849 | D:2      | Found a basalt altar of Yredelemnul.
  1937 | D:2      | Reached XP level 4. HP: 26/26 MP: 4/4
  2202 | D:2      | Reached skill level 5 in Maces & Flails
  2739 | D:3      | Reached XP level 5. HP: 13/30 MP: 5/5
  3197 | D:3      | Reached skill level 6 in Maces & Flails
  3240 | D:3      | Noticed Jessica
  3247 | D:3      | Killed Jessica
  3747 | D:4      | Reached XP level 6. HP: 35/35 MP: 6/6
  3752 | D:4      | HP: 1/35 [iguana (2)]
  3820 | D:4      | Reached skill level 7 in Maces & Flails
  3838 | D:4      | Found a sand-covered staircase.
  3842 | Ossuary  | Entered an ossuary
  4626 | Ossuary  | Reached XP level 7. HP: 30/40 MP: 7/7
  4951 | Ossuary  | Reached skill level 8 in Maces & Flails
  5162 | D:4      | Found a transporter.
  5179 | D:4      | Found a transporter.
  5403 | D:4      | Noticed Edmund
  5428 | D:4      | Killed Edmund
  5428 | D:4      | Reached skill level 9 in Maces & Flails
  5439 | D:4      | Reached XP level 8. HP: 27/44 MP: 8/8
  5628 | D:4      | Noticed Natasha
  5639 | D:4      | Killed Natasha
  5660 | D:4      | Found a stormy altar of Qazlal.
  5706 | D:4      | Noticed Natasha
  5720 | D:4      | Killed Natasha
  5748 | D:4      | Noticed Natasha
  5761 | D:4      | Killed Natasha
  6165 | D:5      | Entered Level 5 of the Dungeon
  6192 | D:5      | Reached skill level 10 in Maces & Flails
  6251 | D:5      | Found an iron altar of Okawaru.
  6263 | D:5      | Became a worshipper of Warmaster Okawaru
  6307 | D:5      | Found a staircase to the Ecumenical Temple.
  6330 | D:5      | Found a blossoming altar of Fedhas.
  6353 | D:5      | Noticed an oklob plant
  6433 | D:5      | Found a snail-covered altar of Cheibriados.
  7056 | D:5      | Found a radiant altar of Vehumet.
  7056 | D:5      | Found a white marble altar of Elyvilon.
  7061 | D:5      | Found an ancient bone altar of Kikubaaqudgha.
  7063 | D:5      | Found a hide-covered altar of Uskayaw.
  7065 | D:5      | Found a glowing golden altar of the Shining One.
  7520 | D:5      | Reached skill level 11 in Maces & Flails
  7588 | D:6      | Reached * piety under Okawaru
  7676 | D:6      | Reached XP level 9. HP: 48/48 MP: 9/9
  8290 | D:6      | Reached skill level 12 in Maces & Flails
  8783 | D:6      | Reached ** piety under Okawaru
  8971 | D:6      | Reached skill level 1 in Armour
  9954 | D:7      | Noticed a hornet
  9968 | D:7      | Killed a hornet
  9968 | D:7      | Reached skill level 13 in Maces & Flails
  9968 | D:7      | Reached XP level 10. HP: 31/56 MP: 10/10
 10124 | D:7      | Found an iron altar of Okawaru.
 10133 | D:7      | Reached *** piety under Okawaru
 10422 | D:7      | Found a shimmering blue altar of Sif Muna.
 11059 | D:8      | Identified the Almanac of the Glacial Mountains
 11089 | D:8      | Noticed a two-headed ogre
 11104 | D:8      | Killed a two-headed ogre
 11104 | D:8      | Reached skill level 5 in Armour
 11153 | D:8      | Reached **** piety under Okawaru
 11476 | D:8      | Reached skill level 5 in Fighting
 11500 | D:8      | Noticed a manticore
 11502 | D:8      | Received a gift from Okawaru
 11524 | D:8      | Killed a manticore
 11665 | D:8      | Noticed a two-headed ogre
 11685 | D:8      | Killed a two-headed ogre
 11863 | D:8      | Reached ***** piety under Okawaru
 11863 | D:8      | Reached XP level 11. HP: 64/64 MP: 11/11
 11926 | D:8      | Found an ancient bone altar of Kikubaaqudgha.
 12069 | D:8      | Noticed Pikel
 12091 | D:8      | Killed Pikel
 12224 | D:8      | Found a bloodstained altar of Trog.
 12227 | D:8      | Found a shimmering altar of Xom.
 12775 | D:9      | Found a staircase to the Orcish Mines.
 12908 | D:9      | Received a gift from Okawaru
 12925 | D:9      | Reached skill level 14 in Maces & Flails
 13005 | D:9      | Found Doamm's Gadget Emporium.
 13263 | D:9      | Found a glowing golden altar of the Shining One.
 13619 | D:10     | Entered Level 10 of the Dungeon
 13620 | D:10     | Found a staircase to the Lair.
 13635 | D:9      | Received a gift from Okawaru
 13872 | D:10     | Noticed Urug
 13902 | D:10     | Killed Urug
 13950 | D:10     | Noticed a two-headed ogre
 13989 | D:10     | Killed a two-headed ogre
 14598 | D:10     | Reached XP level 12. HP: 69/76 MP: 12/12
 14753 | D:10     | Noticed a boulder beetle
 14883 | D:10     | Killed a boulder beetle
 15272 | D:10     | Reached skill level 15 in Maces & Flails
 15376 | D:10     | Reached skill level 10 in Fighting
 15729 | Lair:1   | Entered Level 1 of the Lair of Beasts
 15833 | Lair:1   | Received a gift from Okawaru
 15883 | Lair:1   | Reached ****** piety under Okawaru
 15949 | Lair:1   | Found a gate leading to a gauntlet.
 15956 | Gauntlet | Entered a Gauntlet
 15956 | Gauntlet | Found a transporter.
 15997 | Gauntlet | Found a transporter.
 16012 | Gauntlet | Found a transporter.
 16017 | Gauntlet | Found a transporter.
 16021 | Gauntlet | Noticed a wretched star
 16032 | Gauntlet | Found a transporter.
 16051 | Gauntlet | Found a transporter.
 16056 | Gauntlet | Noticed a wretched star
 16061 | Gauntlet | Noticed a five-headed hydra
 16063 | Gauntlet | Found a transporter.
 16069 | Gauntlet | Found a transporter.
 16080 | Gauntlet | Found a large runed translucent door.
 16081 | Gauntlet | Found a large runed translucent door.
 16082 | Gauntlet | Found a large runed translucent door.
 16082 | Gauntlet | Found a large runed translucent door.
 16083 | Gauntlet | Found a runed translucent gate.
 16084 | Gauntlet | Found a transporter.
 16084 | Gauntlet | Found a runed translucent gate.
 16085 | Gauntlet | Found a runed translucent gate.
 16086 | Gauntlet | Found a large runed translucent door.
 16086 | Gauntlet | Found a large runed translucent door.
 16086 | Gauntlet | Found a runed translucent door.
 16086 | Gauntlet | Found a runed translucent door.
 16087 | Gauntlet | Found a large runed translucent door.
 16088 | Gauntlet | Found a large runed translucent door.
 16090 | Gauntlet | Found a transporter.
 16095 | Gauntlet | Found a large runed translucent door.
 16095 | Gauntlet | Found a large runed translucent door.
 16096 | Gauntlet | Found a large runed translucent door.
 16097 | Gauntlet | Found a large runed translucent door.
 16105 | Gauntlet | Found a transporter.
 16117 | Gauntlet | Found a transporter.
 16123 | Gauntlet | Found a transporter.
 16160 | Gauntlet | Found a transporter.
 16162 | Gauntlet | Found a transporter.
 16187 | Gauntlet | Found a transporter.
 16189 | Gauntlet | Found a transporter.
 16209 | Gauntlet | Found a transporter.
 16295 | Gauntlet | Found a large runed translucent door.
 16295 | Gauntlet | Found a large runed translucent door.
 16391 | Gauntlet | Found a large runed translucent door.
 16391 | Gauntlet | Found a large runed translucent door.
 16537 | Gauntlet | Paralysed by a floating eye for 3 turns
 16581 | Gauntlet | Received a gift from Okawaru
 16612 | Gauntlet | Got a scintillating silver ring
 16615 | Gauntlet | Identified the ring of Doubts {MR+ Int+6 Dex+4} (You found
                  | it in a Gauntlet)
 16652 | Gauntlet | Noticed a minotaur
 16673 | Gauntlet | Killed a minotaur
 17827 | Lair:1   | Reached XP level 13. HP: 63/85 MP: 13/13
 17831 | Lair:1   | Reached skill level 16 in Maces & Flails
 17937 | Lair:2   | Reached skill level 1 in Invocations
 19124 | Lair:2   | Received a gift from Okawaru
 19566 | Lair:3   | Reached skill level 5 in Invocations
 19638 | Lair:3   | Noticed Sonja
 19670 | Lair:3   | Killed Sonja
 19870 | Lair:3   | Found a hole to the Spider Nest.
 21015 | Lair:4   | Found a staircase to the Swamp.
 22224 | Lair:4   | Found a runed translucent door.
 22225 | Lair:4   | Noticed Jocoan's ghost (journeyman VSTm)
 22242 | Lair:4   | Killed Jocoan's ghost
 22770 | Lair:5   | Reached skill level 5 in Throwing
 23125 | Lair:5   | Noticed Josephine
 23153 | Lair:5   | Killed Josephine
 23170 | Lair:5   | Gained mutation: Your large and strong wings let you fly
                  | indefinitely. [Gargoyle growth]
 23170 | Lair:5   | Reached XP level 14. HP: 57/94 MP: 18/18
 23537 | Lair:5   | Found a staircase to the Slime Pits.
 23736 | Lair:5   | Reached skill level 1 in Shields
 24093 | Lair:5   | Received a gift from Okawaru
 24167 | Lair:6   | Entered Level 6 of the Lair of Beasts
 24764 | Lair:5   | Upgraded the game from 0.26-a0-661-g406de6ba63 to
                  | 0.26-a0-663-g36e8fdb655
 25305 | Lair:5   | HP: 1/95 [eight-headed hydra (9)]
 25305 | Lair:5   | Slain by an eight-headed hydra

Illustrated notes

Levels and vault maps discovered:
D:1:      minmay_arrival_stone_box, layout_loops_ring
D:2:      layout_loops_corners, grunt_temple_overflow_gold_and_silver,
          lemuel_crystal_altar
D:3:      layout_basic, uniq_jessica
D:4:      gammafunk_steamed_eel, layout_basic, old_standard_altar,
          enter_ossuary_5, minmay_between, uniq_edmund, uniq_natasha
D:5:      layout_basic, old_standard_altar, chequers_temple_overflow_minitemple,
          nicolae_overflow_crystal_walls, temple_pool_b, tgw_fedhas
D:6:      minmay_thinvault, layout_cave_pods, hangedman_glass_teeth
D:7:      layout_gridville, lemuel_round_altar, basic_altar
D:8:      layout_gridville, bloody_trog, overflow_temple_1_default, basic_altar,
          minmay_pinched_square, uniq_pikel
D:9:      layout_roguey, orc_0_dummy, serial_shops, nicolae_shop_stone,
          nicolae_tso_besieged_by_evil
D:10:     layout_cave_pools, david_lair_generic, grunt_potential, uniq_urug
Lair:1:   layout_cellular_growth, gauntlet_entry_generic, minmay_hedge_maze,
          st_stairs_13, guppyfry_lair_drakes
Lair:2:   layout_chaotic_city, gammafunk_lair_bear_cave
Lair:3:   wad_woods_04, layout_gridlike, nicolae_spider_entry_orb_guardian,
          disabler_island, lemuel_fruit_fields, uniq_sonja
Lair:4:   layout_layer_cave, skrybe_swamp_entry_bodies,
          ebering_ghost_reflecting_pool, minivault_19, serial_bayou_shore_b
Lair:5:   layout_hall_layers, nicolae_slime_entry_slimehenge, lemuel_fruit_tree,
          uniq_josephine
Lair:6:   hangedman_lair_caniforms_friends, layout_layer_cave,
          hangedman_lair_tendril_chambers

Skill      XL: |  1  2  3  4  5  6  7  8  9 10 11 12 13 14 |
---------------+-------------------------------------------+-----
Maces & Flails | 4 5 6 7 9 11 13 14 15 16 | 16.0
Armour         | 3 7 9 |  9.0
Fighting       | 3 5 9 11 13 | 13.7
Invocations    | 5 |  5.4
Throwing       | 6 |  6.3
Shields        | 4 |  4.7
Dodging        | |  2.4

Action                   |  1- 3 |  4- 6 |  7- 9 | 10-12 | 13-15 || total
-------------------------+-------+-------+-------+-------+-------++-------
Melee: Flail             |   138 |   245 |   523 |  1204 |   652 ||  2762
       Punch             |       |       |       |     2 |       ||     2
       Morningstar       |       |       |       |       |     7 ||     7
Throw: Dart              |       |     8 |    10 |     6 |     1 ||    25
       Throwing net      |       |     1 |       |       |       ||     1
       Javelin           |       |       |       |       |     5 ||     5
Invok: Heroism           |       |       |       |     2 |       ||     2
Evoke: Wand              |       |       |     2 |    20 |    10 ||    32
  Use: Potion            |       |     4 |       |     1 |       ||     5
       Scroll            |       |       |       |    10 |     3 ||    13
 Stab: Paralysed         |       |       |       |    11 |       ||    11
Armor: Ring mail         |    66 |   123 |    25 |       |       ||   214
       Leather armour    |     8 |       |       |       |       ||     8
       Scale mail        |       |       |   230 |   697 |   438 ||  1365
Dodge: Dodged            |   102 |   136 |   248 |   531 |   353 ||  1370
Block: Buckler           |       |       |       |       |    45 ||    45

Table legend: (Time is in decaauts)
 A = Elapsed time spent in this place.
 B = Non-inter-level travel time spent in this place.
 C = Inter-level travel time spent in this place.
 D = Time resting spent in this place.
 E = Time spent auto-exploring this place.
 F = Levels seen in this place.
 G = Mean time per level.
                   A        B        C        D        E       F      G
               +--------+--------+--------+--------+--------+-----+--------+
         Total |  24795 |  24281 |    514 |   7036 |  12664 |  18 | 1377.5 |
       Dungeon |  14507 |  14116 |    391 |   4167 |   7153 |  10 | 1450.7 |
          Lair |   8373 |   8250 |    123 |   2123 |   4781 |   6 | 1395.5 |
       Ossuary |   1207 |   1207 |      0 |    611 |    391 |   1 | 1207.0 |
      Gauntlet |    707 |    707 |      0 |    135 |    339 |   1 |  707.0 |
               +--------+--------+--------+--------+--------+-----+--------+

Top non-repeatable levels by time:
  Lair:4: 2217 daAuts
     D:6: 2086 daAuts
  Lair:5: 1913 daAuts
    D:10: 1892 daAuts
  Lair:2: 1519 daAuts
     D:9: 1481 daAuts
     D:2: 1376 daAuts
  Lair:3: 1373 daAuts
     D:5: 1357 daAuts
     D:7: 1352 daAuts
     D:8: 1325 daAuts
     D:4: 1252 daAuts
     D:1: 1226 daAuts
 Ossuary: 1207 daAuts
     D:3: 1156 daAuts
